 Dungeon Crawl Stone Soup version 0.27.1-1-g398f81649c (webtiles) character file.

Game seed: 8314373530228991769

129 rogsnak the Firebug (level 4, -1/30 HPs)
             Began as a Demonspawn Fire Elementalist on Sept 5, 2021.
             Killed from afar by Sigmund (5 damage)
             ... with a puff of flame
             ... on level 3 of the Dungeon.
             The game lasted 00:04:25 (2862 turns).

rogsnak the Firebug (Demonspawn Fire Elementalist)  Turns: 2862, Time: 00:04:26

Health: -1/30      AC:  2    Str:  8    XL:     4   Next: 88%
Magic:  2/8        EV: 12    Int: 18    God:
Gold:   73         SH:  5    Dex: 13    Spells: 3/8 levels left

rFire    . . .     SeeInvis .   o - +1 dagger (drain)
rCold    . . .     Faith    .   (no shield)
rNeg     . . .     Spirit   .   a - +0 robe
rPois    +         Reflect  +   (no helmet)
rElec    .         Harm     .   (no cloak)
rCorr    .         Rampage  .   (no gloves)
Will     .....                  (no boots)
Stlth    ++........             k - amulet of reflection
HPRegen  0.10/turn              p - ring of poison resistance
MPRegen  0.11/turn              (no ring)

@: no status effects
A: powered by death 2
a: no special abilities


You were on level 3 of the Dungeon.
You visited 1 branch of the dungeon, and saw 3 of its levels.

You collected 73 gold pieces.

Inventory:

Hand Weapons
 d - a +0 dagger
 e - a +0 short sword
 j - a +0 spear
 o - a +1 dagger of draining (weapon)
Missiles
 l - 21 stones
 m - 16 poisoned darts
Armour
 a - a +0 robe (worn)
Jewellery
 k - an amulet of reflection (around neck)
 p - a ring of poison resistance (left hand)
Scrolls
 b - a scroll of teleportation {unknown}
 g - a scroll of torment {unknown}
 h - a scroll of immolation {unknown}
Potions
 c - a potion of heal wounds {unknown}
 f - 3 potions of degeneration {unknown}
 i - a potion of curing {unknown}
 n - a potion of resistance {unknown}
 q - a potion of invisibility {unknown}


   Skills:
 + Level 0.1 Fighting
 + Level 2.1 Dodging
 - Level 1.7 Stealth
 + Level 2.8 Spellcasting
 * Level 3.1 Conjurations
 + Level 3.5 Fire Magic


You had 3 spell levels left.
You knew the following spells:

 Your Spells              Type           Power      Damage    Failure   Level
a - Foxfire               Conj/Fire      56%        2x1d6     4%          1
b - Sticky Flame          Conj/Fire      14%        2d4       38%         4

Your spell library contained the following spells:

 Spells                   Type           Power      Damage    Failure   Level
 Conjure Flame            Conj/Fire      14%        6-21      13%         3
 Inner Flame              Hex/Fire       8%         N/A       24%         3
 Fireball                 Conj/Fire      7%         3d5       75%         5


Dungeon Overview and Level Annotations

Branches:
Dungeon (3/15)

Altars:

Annotations:
D:3 Sigmund


Innate Abilities, Weirdness & Mutations

You regenerate health from kills.


Message History

You conjure some foxfire!
Unknown command.
Casting: Foxfire (safe; 4% risk of failure)
Confirm with . or Enter, or press ? or * to list all spells.
You conjure some foxfire!
The foxfire hits Sigmund.
Sigmund is lightly wounded.
A hobgoblin comes into view.
Unknown command.
Casting: Foxfire (safe; 4% risk of failure)
Confirm with . or Enter, or press ? or * to list all spells.
You conjure some foxfire!
The foxfire hits Sigmund.
Sigmund is moderately wounded.
The foxfire hits Sigmund.
Sigmund is moderately wounded.
The foxfire hits Sigmund.
Sigmund is moderately wounded.
Casting: Foxfire (safe; 4% risk of failure)
Confirm with . or Enter, or press ? or * to list all spells.
You conjure some foxfire!
Sigmund drinks a potion.
Sigmund seems to speed up.
Unknown command.
The foxfire hits Sigmund.
Sigmund is heavily wounded.
Sigmund casts a spell.
Sigmund flickers and vanishes!
Deactivating autopickup; reactivate with Ctrl-A.
The foxfire hits something.
A goblin comes into view. It is wielding a +0 club.
The foxfire hits the hobgoblin.
The hobgoblin is heavily wounded.
The foxfire hits something.
A puff of flame appears from out of thin air!
The puff of flame hits you!
Found a ring mail.
A puff of flame appears from out of thin air!
The puff of flame hits you!
* * * LOW HITPOINT WARNING * * *
There is a stone staircase leading down here.
A puff of flame appears from out of thin air!
The puff of flame hits you.
You die...

### #.# #.# #.#####
#.....# #.....# #.....# #
#######@###.### #
.......>..[...# #
######..################
#....................
##.##.#..################
.......){# #####(#.##
#.#g# # #.#


You could see a hobgoblin.

Vanquished Creatures
  Natasha (thrice) (D:2)
  An adder (D:2)
  A worm (D:2)
  A dart slug (D:1)
  An orc (D:3)
  4 endoplasms
  3 goblins (D:1)
  6 hobgoblins
  3 quokkas (D:1)
  3 ball pythons (D:2)
  4 bats
  2 frilled lizards (D:2)
  6 kobolds
  3 rats
41 creatures vanquished.

Vanquished Creatures (others)
  131 foxfires
131 creatures vanquished.

Grand Total: 172 creatures vanquished

Notes
Turn   | Place    | Note
-------+----------+-------------------------------------------
     0 | D:1      | rogsnak the Demonspawn Fire Elementalist began the quest
                  | for the Orb.
     0 | D:1      | Reached XP level 1. HP: 13/13 MP: 3/3
   259 | D:1      | Gained mutation: You regenerate a little health from kills.
                  | [demonic ancestry]
   259 | D:1      | Reached XP level 2. HP: 18/19 MP: 0/5
  1236 | D:2      | Gained mutation: You regenerate health from kills. [demonic
                  | ancestry]
  1236 | D:2      | Reached XP level 3. HP: 24/24 MP: 4/6
  1666 | D:2      | Found a faded altar of an unknown god.
  1995 | D:2      | Noticed Natasha
  2000 | D:2      | Killed Natasha
  2001 | D:2      | Reached XP level 4. HP: 23/30 MP: 4/7
  2006 | D:2      | Learned a level 4 spell: Sticky Flame
  2528 | D:2      | Noticed Natasha
  2542 | D:2      | Killed Natasha
  2747 | D:2      | Noticed Natasha
  2752 | D:2      | Killed Natasha
  2850 | D:3      | Noticed Sigmund
  2862 | D:3      | Killed from afar by Sigmund

Illustrated notes

Levels and vault maps discovered:
D:1:      shiori_arrival_oz, layout_loops_ring, minmay_pentomino_u4
D:2:      layout_loops_corners, shapermc_ecumenical_altar_acropolis,
          uniq_natasha
D:3:      layout_basic, cheibrodos_sewer_entry_drain, uniq_sigmund

Skill      XL: |  1  2  3  4 |
---------------+-------------+-----
Fire Magic     | 3 |  3.5
Dodging        | 2 |  2.1
Conjurations   | 2 3 |  3.1
Fighting       | |  0.1
Stealth        | |  1.7
Spellcasting   | |  2.8

Action                   |  1- 3 |  4- 6 || total
-------------------------+-------+-------++-------
Melee: Dagger            |     6 |     5 ||    11
       Unarmed           |     1 |       ||     1
       Short sword       |    18 |       ||    18
 Cast: Foxfire           |    56 |    25 ||    81
 Stab: Sleeping          |     1 |       ||     1
Armor: Robe              |     1 |     2 ||     3
Dodge: Dodged            |    10 |     7 ||    17
Block: Other             |     2 |     3 ||     5
